 Dungeon Crawl Stone Soup version 0.28.0-1-gb440e238dd (webtiles) character file.

Game seed: 7976500972891493158

12 Akaron the Chiller (level 2, 0/24 HPs)
             Began as an Ogre Ice Elementalist on Feb 20, 2022.
             Slain by an adder (2 damage)
             ... on level 2 of the Dungeon.
             The game lasted 00:01:05 (1316 turns).

Akaron the Chiller (Ogre Ice Elementalist)          Turns: 1316, Time: 00:01:06

Health: 0/24       AC:  3    Str: 11    XL:     2   Next: 33%
Magic:  5/5        EV: 10    Int: 16    God:
Gold:   87         SH:  0    Dex:  9    Spells: 5/6 levels left

rFire   . . .      SeeInvis .   (no weapon)
rCold   . . .      Faith    .   (no shield)
rNeg    . . .      Spirit   .   a - +0 robe
rPois   .          Reflect  .   (helmet restricted)
rElec   .          Harm     .   (no cloak)
rCorr   .          Rampage  .   (gloves unavailable)
Will    .....                   (boots unavailable)
Stlth   +.........              (no amulet)
HPRegen 0.08/turn               (no ring)
MPRegen 0.09/turn               (no ring)

@: lethally poisoned (0 -> -4)
A: large, unfitting armour, tough skin 1
a: no special abilities


You were on level 2 of the Dungeon.
You visited 1 branch of the dungeon, and saw 2 of its levels.

You collected 87 gold pieces.

Inventory:

Armour
 a - a +0 robe (worn)
Scrolls
 c - a scroll of magic mapping {unknown}
 e - a scroll of identify {unknown}
Potions
 b - a potion of curing {unknown}
 d - 2 potions of brilliance {unknown}


   Skills:
 + Level 2.0 Dodging
 + Level 1.4 Stealth
 + Level 2.5 Spellcasting
 + Level 3.8 Ice Magic


You had 5 spell levels left.
You knew the following spells:

 Your Spells              Type           Power      Damage    Failure   Level
a - Freeze                Ice            56%        1d7       4%          1

Your spell library contained the following spells:

 Spells                   Type           Power      Damage    Failure   Level
 Frozen Ramparts          Ice            28%        1d4       12%         3
 Ozocubu's Armour         Ice            14%        N/A       12%         3
 Hailstorm                Conj/Ice       8%         3d4       65%         4


Dungeon Overview and Level Annotations

Branches:
Dungeon (2/15)

Altars:

Shops:
D:1 (


Innate Abilities, Weirdness & Mutations

You are too large for most types of armour.
You have tough skin. (AC +1)


Message History

An endoplasm comes into view.
There are monsters nearby!
An adder comes into view.
You closely miss the adder. The adder closely misses you.
The ball python barely misses you.
You closely miss the adder.
The adder hisses angrily.
The adder closely misses you. The ball python bites you.
You barely miss the adder. The adder bites you.
You are poisoned.
The adder poisons you!
A kobold comes into view. It is wielding a +0 dagger.
The adder barely misses you.
You barely miss the adder.
You feel sick.
The kobold shouts!
The adder bites you. The adder closely misses you.
You barely miss the adder.
You feel sick. The ball python closely misses you. The adder barely misses you.
The adder bites you but does no damage. The ball python bites you.
You closely miss the adder.
You feel sick. The adder bites you.
You are more poisoned.
The adder poisons you! The adder closely misses you.
A kobold comes into view. It is wielding a +0 short sword.
The ball python barely misses you. The adder bites you.
The adder barely misses you.
You are too injured to fight recklessly!
You are too injured to fight recklessly!
You are too injured to fight recklessly!
You are too injured to fight recklessly!
You are too injured to fight recklessly!
You miss the adder.
* * * LOW HITPOINT WARNING * * *
You feel sick. The adder bites you.
* * * LOW HITPOINT WARNING * * *
The ball python bites you but does no damage.
The adder bites you but does no damage.
You barely miss the adder.
* * * LOW HITPOINT WARNING * * *
You feel sick. The adder barely misses you. The adder bites you.
You die...

..#.# #.#.# #.#.# #.#.#
###### . #.#.# #.....
... #.#.# #.....
.....#S#.## ##### #.....
...[.JS@..###...###.....
####.KS#........'.....†.
#.#..##.###...##......
#.#.#......######..)...
#.##.##.#.# #...... #K#
#. ..#.# #...... #:# #.
... # #..#.#. .# #.####
#...... #..#.#.


You could see 2 adders, an endoplasm, a ball python and 2 kobolds.

Vanquished Creatures
  An adder skeleton (D:2)
  2 bats (D:1)
  A giant cockroach (D:2)
  A hobgoblin (D:1)
  A kobold (D:1)
  A ball python (D:2)
  2 rats
9 creatures vanquished.

Notes
Turn   | Place    | Note
-------+----------+-------------------------------------------
     0 | D:1      | Akaron the Ogre Ice Elementalist began the quest for the
                  | Orb.
     0 | D:1      | Reached XP level 1. HP: 16/16 MP: 3/3
   360 | D:1      | Found Utixel's Weapon Shop.
   417 | D:1      | Found a faded altar of an unknown god.
   897 | D:2      | Reached XP level 2. HP: 16/24 MP: 5/5
  1316 | D:2      | Slain by an adder

Illustrated notes

Levels and vault maps discovered:
D:1:      dpeg_arrival_pits, layout_basic, serial_shops,
          nicolae_shop_advertising_works [nicolae_subvault_shop_adworks],
          chequers_ecumenical_altar_simple_redux
D:2:      layout_basic, serial_glass, glass_columns_a, glass_columns_b,
          glass_columns_a, glass_columns_b, glass_columns_c, minmay_circle_x

Skill      XL: |  1  2 |
---------------+-------+-----
Dodging        | 2 |  2.0
Stealth        | |  1.4
Spellcasting   | |  2.5
Ice Magic      | |  3.8

Action                   || total
-------------------------++-------
Melee: Unarmed           ||    69
 Cast: Freeze            ||     5
 Stab: Sleeping          ||     1
Armor: Robe              ||    39
Dodge: Dodged            ||    38
